 Dungeon Crawl Stone Soup version 0.27.1-1-g398f81649c (webtiles) character file.

Game seed: 16780720140925668774

186 speeev33 the Skirmisher (level 5, -4/47 HPs)
             Began as a Hill Orc Fighter on Sept 12, 2021.
             Slain by a wyvern (12 damage)
             ... on level 4 of the Dungeon.
             The game lasted 00:03:56 (3611 turns).

speeev33 the Skirmisher (Hill Orc Fighter)          Turns: 3611, Time: 00:03:56

Health: -4/47      AC:  7    Str: 20    XL:     5   Next: 65%
Magic:  5/5        EV:  7    Int:  8    God:
Gold:   115        SH: 14    Dex: 10    Spells: 4/4 levels left

rFire    . . .     SeeInvis .   a - +0 war axe
rCold    . . .     Faith    .   c - +0 kite shield
rNeg     . . .     Spirit   .   b - +0 scale mail
rPois    .         Reflect  +   (no helmet)
rElec    .         Harm     .   (no cloak)
rCorr    .         Rampage  .   (no gloves)
Will     .....                  (no boots)
Stlth    ..........             h - amulet of reflection
HPRegen  0.15/turn              (no ring)
MPRegen  0.09/turn              (no ring)

@: hasted, very quick
A: no striking features
a: no special abilities


You were on level 4 of the Dungeon.
You visited 1 branch of the dungeon, and saw 4 of its levels.

You collected 115 gold pieces.

Inventory:

Hand Weapons
 a - a +0 war axe (weapon)
Armour
 b - a +0 scale mail (worn)
 c - a +0 kite shield (worn)
Jewellery
 h - an amulet of reflection (around neck)
Scrolls
 e - 2 scrolls of teleportation
Potions
 f - a potion of heal wounds {unknown}


   Skills:
 + Level 4.8 Fighting
 + Level 4.3 Axes
 + Level 4.4 Armour
 + Level 4.4 Shields


You had 4 spell levels left.
You didn't know any spells.
Your spell library contained the following spells:

 Spells                   Type           Power      Damage    Failure   Level
 Foxfire                  Conj/Fire      0%         2x1d4     99%         1
 Conjure Flame            Conj/Fire      0%         6-21      100%        3
 Inner Flame              Hex/Fire       0%         N/A       100%        3


Dungeon Overview and Level Annotations

Branches:
Dungeon (4/15)
 Temple: D:4-7

Altars:
Wu Jian

Shops:
D:1 (!   D:2 ?


Message History

A dart slug is nearby!
There is an open door here.
The dart slug launches a dart at you.
The slug dart reflects off an invisible shield around you!
The slug dart hits the dart slug.
You hit the dart slug.
You kill the dart slug!
No target in view!
No target in view!
No target in view!
No target in view!
No target in view!
No target in view!
No target in view!
No target in view!
No target in view!
You see here a dart slug corpse.
A wyvern comes into view.
A wyvern is nearby!
You see here a dart slug corpse.
Okay, then.
You slash the wyvern!
The wyvern is moderately wounded.
The wyvern bites you! You block the wyvern's attack.
You hit the wyvern.
The wyvern is heavily wounded.
The wyvern bites you. The wyvern bites you!
* * * LOW HITPOINT WARNING * * *
You slash the wyvern!
The wyvern is severely wounded.
You block the wyvern's attack. x3
You feel yourself speed up. The wyvern bites you!
* * * LOW HITPOINT WARNING * * *
There is an open door here.
You block the wyvern's attack. You block the wyvern's attack.
There is an open door here.
There is a stone staircase leading up here.
The wyvern bites you!
You die...

# .#. #...
..# ..+ ..#
###########
..#
#.......l@#
..#
#.#########
### #.# #.#
#.# #.#
#######'###
##.........#
.'.........#


You could see a wyvern.

Vanquished Creatures
  Terence (D:3)
  An iguana (D:4)
  5 adders (D:2)
  An ufetubus (D:3)
  4 worms
  3 dart slugs
  2 orcs (D:3)
  6 endoplasms
  4 giant cockroaches
  6 goblins
  4 hobgoblins
  2 jackals (D:3)
  3 quokkas
  5 ball pythons
  7 bats
  3 frilled lizards
  4 kobolds
  9 rats
70 creatures vanquished.

Vanquished Creatures (others)
  2 plants (D:1)
2 creatures vanquished.

Grand Total: 72 creatures vanquished

Notes
Turn   | Place    | Note
-------+----------+-------------------------------------------
     0 | D:1      | speeev33 the Hill Orc Fighter began the quest for the Orb.
     0 | D:1      | Reached XP level 1. HP: 19/19 MP: 1/1
   146 | D:1      | Found a faded altar of an unknown god.
   181 | D:1      | Found Xenuesm's Distillery.
   338 | D:1      | Reached XP level 2. HP: 15/27 MP: 2/2
   607 | D:1      | Found Foufooc's Weapon Shoppe.
  1185 | D:1      | Reached XP level 3. HP: 31/31 MP: 3/3
  1518 | D:2      | Found Dummeph's Magic Scroll Shop.
  1876 | D:2      | Reached XP level 4. HP: 38/40 MP: 4/4
  2538 | D:3      | Reached XP level 5. HP: 47/47 MP: 5/5
  2587 | D:3      | Found an ornate altar of the Wu Jian Council.
  2597 | D:3      | Noticed Terence
  2615 | D:3      | HP: 1/47 [Terence (2)]
  2616 | D:3      | Killed Terence
  3574 | D:4      | Noticed a wyvern
  3611 | D:4      | Slain by a wyvern

Illustrated notes

Levels and vault maps discovered:
D:1:      denvon_arrival_planthouse, layout_basic, basic_ecumenical_altar,
          serial_shops, shop, nicolae_shop_trees
D:2:      layout_rooms, serial_shops, shop
D:3:      layout_loops_cross, nzn_wu_jian_contemplation, uniq_terence
D:4:      layout_basic, trog_three_pillars_becter, serial_shops, shop,
          uniq_ijyb, uniq_natasha

Skill      XL: |  1  2  3  4  5 |
---------------+----------------+-----
Axes           | 3 4 |  4.3
Fighting       | 4 |  4.8
Armour         | 4 |  4.4
Shields        | 4 |  4.4

Action                   |  1- 3 |  4- 6 || total
-------------------------+-------+-------++-------
Melee: War axe           |   117 |   145 ||   262
  Use: Scroll            |     2 |     5 ||     7
       Potion            |       |     2 ||     2
Armor: Scale mail        |    45 |    60 ||   105
Dodge: Dodged            |    42 |    39 ||    81
Block: Kite shield       |    77 |   161 ||   238
       Reflection        |       |     5 ||     5
